 Dungeon Crawl Stone Soup version 0.28.0-49-g6dfe1f597d (webtiles) character file.

Game seed: 15721634275388998961

405 Zeld the Ogre Mage (level 6, -2/73 HPs)
             Began as an Ogre Transmuter on May 19, 2022.
             Was an Initiate of Nemelex Xobeh.
             Succumbed to a scorpion's poison
             ... on level 4 of the Dungeon.
             The game lasted 00:02:33 (4819 turns).

Zeld the Ogre Mage (Ogre Transmuter)                Turns: 4819, Time: 00:02:34

Health: -2/73      AC:  6    Str: 17    XL:     6   Next: 87%
Magic:  6/12       EV: 10    Int: 14    God:    Nemelex Xobeh [......]
Gold:   133        SH:  0    Dex:  9    Spells: 4/14 levels left

rFire   x . .      SeeInvis .     - Unarmed
rCold   + + +      Faith    .   (shield currently unavailable)
rNeg    . . .      Spirit   .   (armour currently unavailable)
rPois   +          Reflect  .   (helmet currently unavailable)
rElec   .          Harm     .   (cloak currently unavailable)
rCorr   +          Rampage  .   (gloves unavailable)
Will    .....                   (boots unavailable)
Stlth   +.........              (no amulet)
HPRegen 0.22/turn               i - ring of resist corrosion
MPRegen 0.13/turn               (no ring)

@: lethally poisoned (-2 -> -14), ice-form
A: freezing attack, amphibious, boosted hp, large, unfitting armour, (tough skin
1)
a: End Transformation, Renounce Religion, Draw Escape, Draw Destruction, Draw
Summoning


You were on level 4 of the Dungeon.
You worshipped Nemelex Xobeh.
Nemelex Xobeh was noncommittal.
You were a creature of crystalline ice.
You visited 2 branches of the dungeon, and saw 5 of its levels.

You collected 133 gold pieces.

Inventory:

Armour
 a - a +0 robe (melded)
Jewellery
 i - a ring of resist corrosion (left front paw)
 n - an amulet of guardian spirit
Wands
 g - a wand of flame (8)
Scrolls
 b - 6 scrolls of identify {unknown}
 c - 5 scrolls of teleportation {unknown}
 e - a scroll of amnesia {unknown}
 f - 2 scrolls of vulnerability {unknown}
 h - a scroll of noise {unknown}
 k - 3 scrolls of holy word {unknown}
 l - a scroll of magic mapping {unknown}
 m - a scroll of silence {unknown}
Potions
 d - a potion of lignification {unknown}
 j - 2 potions of curing {unknown}


   Skills:
 + Level 3.5 Fighting
 + Level 2.8 Dodging
 - Level 2.6 Unarmed Combat
 * Level 4.5 Spellcasting
 * Level 3.6 Transmutations
 + Level 1.0 Ice Magic
 + Level 1.5 Poison Magic
 * Level 0.8 Invocations


You had 4 spell levels left.
You knew the following spells:

 Your Spells              Type           Power      Damage    Failure   Level
a - Beastly Appendage     Tmut           26%        N/A       4%          1
b - Wereblood             Tmut           13%        N/A       6%          2
c - Spider Form           Tmut/Pois      10%        N/A       19%         3
d - Ice Form              Ice/Tmut       9%         N/A       56%         4

Your spell library contained the following spells:

 Spells                   Type           Power      Damage    Failure   Level
 Magic Dart               Conj           12%        1d3       19%         1
 Ignite Poison            Fire/Tmut/Pois 7%         N/A       26%         3
 Scorch                   Fire           6%         2d5       28%         2
 Searing Ray              Conj           6%         2d4       28%         2
 Mephitic Cloud           Conj/Pois/Air  4%         N/A       41%         3
 Flame Wave               Conj/Fire      3%         2d4       88%         4
 Fulminant Prism          Conj/Hex       1%         3d6       88%         4
 Freezing Cloud           Conj/Ice/Air   2%         6-21      99%         5
 Summon Cactus Giant      Summ           1%         N/A       100%        6


Dungeon Overview and Level Annotations

Branches:
Dungeon (4/15)             Temple (1/1) D:4

Altars:
Ashenzari
Cheibriados
Elyvilon
Fedhas
Gozag
Kikubaaqudgha
Makhleb
Nemelex Xobeh
Okawaru
Qazlal
Sif Muna
Trog
Uskayaw
Yredelemnul
Zin

Shops:
D:2 [


Innate Abilities, Weirdness & Mutations

You are a creature of crystalline ice.
You have a powerful freezing melee attack.
You are amphibious.
Your maximum health is increased.
Your armour is entirely melded.
You are incapable of wielding weapons or throwing items.
You are too large for most types of armour.
((You have tough skin. (AC +1)))


Message History

Nothing appears to happen.
You feel sick. The scorpion stings you.
You hit the scorpion.
The scorpion is lightly wounded.
You feel sick. The scorpion barely misses you. The scorpion stings you.
You are more poisoned.
The scorpion poisons you!
You closely miss the scorpion.
The scorpion is lightly wounded.
You feel sick. The scorpion stings you!
You are more poisoned.
The scorpion poisons you!
You closely miss the scorpion.
The scorpion is lightly wounded.
You feel very sick.
The scorpion stings you but does no damage.
You hit the scorpion.
The scorpion is moderately wounded.
You feel very sick. The scorpion stings you!
You feel very sick.
You feel very sick.
You feel sick. The scorpion barely misses you.
Your magical contamination has completely faded away.
You feel sick.
You feel sick.
You feel sick.
Casting: Spider Form (dangerous; 19% risk of failure)
Confirm with . or Enter, or press ? or * to list all spells.
The spell is quite dangerous to miscast (56% risk of failure)!
Continue anyway?
You turn into a creature of crystalline ice.
Your +0 robe melds into your body.
You feel sick. The scorpion stings you.
* * * LOW HITPOINT WARNING * * *
The scorpion stings you.
* * * LOW HITPOINT WARNING * * *
You are lethally poisoned!
The scorpion poisons you!
* * * LOW HITPOINT WARNING * * *
You feel very sick.
You die...
Your body disappears without a glow.

.# #+# #.# .# #.# #.#####
## #.###########.....#
##.#.............(.#
##.....###....###...#
#####.....#...#..#...#..#
...###....#.⌠.#.s#.⌠.#..#
##........#...#≈≈#...#..#
######...≈###≈≈Y≈###≈..#
#....≈≈≈≈≈≈≈≈≈≈...#
#.#..≈≈≈≈≈≈≈≈≈≈...#
#.#.≈###≈≈≈≈###≈..#
#.#.#...#≈≈#. #..# .#
.⌠.#..#.⌠ # .# ...#..#..
.## ....###


You could see a scorpion.

Vanquished Creatures
  A black bear (D:4)
  An ogre (D:4)
  A phantom (D:3)
  Terence (D:3)
  An iguana (D:4)
  A howler monkey skeleton (D:3)
  5 adders
  A dart slug (D:1)
  3 orcs
  6 ball pythons
  A bat (D:1)
  An endoplasm (D:2)
  6 giant cockroaches
  2 goblins (D:1)
  4 hobgoblins
  A quokka (D:4)
  3 frilled lizards
  7 kobolds
  4 rats
50 creatures vanquished.

Vanquished Creatures (others)
  7 plants (D:2)
7 creatures vanquished.

Grand Total: 57 creatures vanquished

Notes
Turn   | Place    | Note
-------+----------+-------------------------------------------
     0 | D:1      | Zeld the Ogre Transmuter began the quest for the Orb.
     0 | D:1      | Reached XP level 1. HP: 19/19 MP: 3/3
    15 | D:1      | Found a faded altar of an unknown god.
   431 | D:1      | Reached XP level 2. HP: 25/28 MP: 5/5
   445 | D:1      | Learned a level 2 spell: Wereblood
  1110 | D:2      | Reached XP level 3. HP: 35/35 MP: 5/7
  1132 | D:2      | Learned a level 3 spell: Spider Form
  1193 | D:2      | Reached skill level 3 in Spellcasting
  1314 | D:2      | Found Ulavij's Antique Armour Emporium.
  2137 | D:2      | Reached XP level 4. HP: 39/44 MP: 6/8
  2902 | D:3      | Noticed a phantom
  2915 | D:3      | Killed a phantom
  2916 | D:3      | Reached skill level 1 in Poison Magic
  2916 | D:3      | Reached XP level 5. HP: 12/52 MP: 10/10
  2921 | D:3      | Learned a level 4 spell: Ice Form
  3314 | D:3      | Noticed Terence
  3323 | D:3      | Killed Terence
  3757 | D:4      | Reached skill level 4 in Spellcasting
  3801 | D:4      | Noticed a black bear
  3812 | D:4      | Killed a black bear
  3813 | D:4      | Reached XP level 6. HP: 34/61 MP: 9/12
  4117 | D:4      | Found a staircase to the Ecumenical Temple.
  4156 | Temple   | Entered the Ecumenical Temple
  4227 | Temple   | Became a worshipper of Nemelex Xobeh the Trickster
  4459 | D:4      | Reached skill level 1 in Ice Magic
  4545 | D:4      | Found a stormy altar of Qazlal.
  4565 | D:4      | Noticed a water elemental
  4569 | D:4      | Noticed a fire elemental
  4569 | D:4      | Noticed an air elemental
  4725 | D:4      | Found a burning altar of Makhleb.
  4818 | D:4      | HP: 1/73 [poisoned by a scorpion]
  4819 | D:4      | Succumbed to a scorpion's poison

Illustrated notes

Levels and vault maps discovered:
D:1:      ncdulo_wetmaze, layout_basic, serial_curves, eino_curves_03,
          eino_curves_04, basic_ecumenical_altar, chequers_hall_statues_wall_a,
          minmay_crystal_room, minivault_4, roderic_roman_lattice
D:2:      wad_lake_hut, layout_basic, serial_shops, nicolae_shop_trees
D:3:      layout_loops_corners, kennysheep_boxes, uniq_terence
D:4:      layout_loops_corners, nicolae_qazlal_style_of_elements,
          kennysheep_little_box, gammafunk_temple_overflow_wave,
          minmay_temple_entry_purple_smoke, chequers_serial_rivers_small_3,
          fountainhead, uniq_edmund
Temple:   dshaligram_water_room_temple

Skill      XL: |  1  2  3  4  5  6 |
---------------+-------------------+-----
Transmutations | 2 3 |  3.6
Dodging        | 2 |  2.8
Fighting       | 2 3 |  3.5
Spellcasting   | 3 4 |  4.5
Poison Magic   | 1 |  1.5
Ice Magic      | 1 |  1.0
Unarmed Combat | |  2.6
Invocations    | |  0.8

Action                   |  1- 3 |  4- 6 || total
-------------------------+-------+-------++-------
Melee: Unarmed           |    79 |    93 ||   172
       Headbutt          |    13 |     4 ||    17
       Kick              |     9 |     8 ||    17
       Punch             |       |     1 ||     1
 Cast: Beastly Appendage |    29 |    10 ||    39
       Spider Form       |       |    10 ||    10
       Ice Form          |       |     1 ||     1
Armor: Robe              |    18 |    11 ||    29
       Skin              |       |     1 ||     1
Dodge: Dodged            |    33 |    53 ||    86
